 Dungeon Crawl Stone Soup version 0.27-a0-34-gc18c9092ac (webtiles) character file.

Game seed: 11448569752995950312

10 kae the Skirmisher (level 2, 24/24 HPs)
             Began as a Demonspawn Monk on Jan 4, 2021.
             Quit the game on level 1 of the Dungeon.
             The game lasted 00:00:30 (620 turns).

kae the Skirmisher (Demonspawn Monk)                 Turns: 620, Time: 00:00:30

Health: 24/24      AC:  3    Str: 11    XL:     2   Next: 10%
Magic:  2/2        EV: 12    Int: 11    God:
Gold:   22         SH:  0    Dex: 15    Spells: 1/1 levels left

rFire    . . .     SeeInvis .     - Unarmed
rCold    . . .     Faith    .   (no shield)
rNeg     . . .     Spirit   .   b - +0 leather armour
rPois    .         Reflect  .   (helmet restricted)
rElec    .         Harm     .   (no cloak)
rCorr    .         Rampage  .   (no gloves)
Will     .....                  (no boots)
Stlth    ++........             (no amulet)
HPRegen  0.08/turn              (no ring)
MPRegen  0.08/turn              (no ring)

@: no status effects
A: horns 1
a: no special abilities


You were on level 1 of the Dungeon.
You visited 1 branch of the dungeon, and saw 1 of its levels.

You collected 22 gold pieces.

Inventory:

Armour
 a - a +0 robe
 b - a +0 leather armour (worn)
Jewellery
 d - a +6 ring of dexterity {unknown}
Scrolls
 c - a scroll of identify {unknown}
 e - a scroll of magic mapping {unknown}
Potions
 f - a potion of attraction {unknown}


   Skills:
 + Level 3.2 Fighting
 - Level 2.6 Dodging
 - Level 1.7 Stealth
 * Level 3.1 Unarmed Combat


You had one spell level left.
You didn't know any spells.
Your spell library was empty.

Dungeon Overview and Level Annotations

Branches:
Dungeon (1/15)

Altars:


Innate Abilities, Weirdness & Mutations

You have a pair of small horns on your head.


Message History

f - a golden potion A goblin comes into view.
A goblin is nearby!
A goblin is nearby!
A goblin is nearby!
The goblin shouts!
The goblin closely misses you.
You closely miss the goblin. You headbutt the goblin.
You kill the goblin!
No target in view!
No target in view!
Found 26 bolts.
No target in view!
No target in view!
Found a short sword.
Found 23 stones.
Unknown command.
Are you sure you want to abandon this character and quit the game? (Confirm with "yes".)
Okay, then.
Are you sure you want to abandon this character and quit the game? (Confirm with "yes".)

#....# #...# .. #..(.#
#...# ... #....## #...#
...#####.....# #...#
.............#####...###
.................+.†....
.....)^...##....##...#..
..$.......##............
(..?...@..##.........#..
..........##............
..........##..........#.
..........##............
..........##............
..........##....##.....(
..........##............
.?........########......
................##


There were no monsters in sight!

Vanquished Creatures
  A giant cockroach (D:1)
  2 goblins (D:1)
  4 frilled lizards (D:1)
  3 kobolds (D:1)
  2 rats (D:1)
12 creatures vanquished.

Notes
Turn   | Place    | Note
-------+----------+-------------------------------------------
     0 | D:1      | kae the Demonspawn Monk began the quest for the Orb.
     0 | D:1      | Reached XP level 1. HP: 18/18 MP: 1/1
   583 | D:1      | Gained mutation: You have a pair of small horns on your
                  | head. [demonic ancestry]
   583 | D:1      | Reached XP level 2. HP: 23/24 MP: 2/2
   620 | D:1      | Quit the game

Illustrated notes

Levels and vault maps discovered:
D:1:      dpeg_arrival_subterranean_lakeside_camping, layout_basic,
          hangedman_decor_push

Skill      XL: |  1 |
---------------+----+-----
Unarmed Combat | 3 |  3.1
Fighting       | |  3.2
Dodging        | |  2.6
Stealth        | |  1.7

Action                   || total
-------------------------++-------
Melee: Unarmed           ||    31
       Headbutt          ||     1
Armor: Robe              ||     3
       Leather armour    ||     2
Dodge: Dodged            ||    12

Table legend: (Time is in decaauts)
 A = Elapsed time spent in this place.
 B = Non-inter-level travel time spent in this place.
 C = Inter-level travel time spent in this place.
 D = Time resting spent in this place.
 E = Time spent auto-exploring this place.
 F = Levels seen in this place.
 G = Mean time per level.
                   A        B        C        D        E       F      G
               +--------+--------+--------+--------+--------+-----+--------+
         Total |    618 |    574 |     44 |      0 |    488 |   1 |  618.0 |
       Dungeon |    618 |    574 |     44 |      0 |    488 |   1 |  618.0 |
               +--------+--------+--------+--------+--------+-----+--------+

Top non-repeatable levels by time:
     D:1: 618 daAuts
